Map: Jungle Depths LE

Players

Shered

  • Race: Terran Terran
  • League: Gold
  • Spawn Location: 7:00

MadTrick

  • Race: Zerg Zerg
  • League: Platinum
  • Spawn Location: 7:00

nETbKo

  • Race: Protoss Protoss
  • Spawn Location: 7:00

Massa - Winner!

  • Race: Terran Terran
  • League: Gold
  • Spawn Location: 1:00

qqq - Winner!

  • Race: Zerg Zerg
  • League: Platinum
  • Spawn Location: 1:00

sexyAPM - Winner!

  • Race: Protoss Protoss
  • Spawn Location: 3:00

VOD

Have the link to the VOD?

Description

Time

  • Played on: April 17, 2020, 7:11 p.m.
  • Length: 18:41
Show
View Real Time Build Order
Export as new Build Order

Shered Terran 

Build Orders:  

Get SALT Encoding   

  12  0:01  SCV  
  13  0:15  Supply Depot  
  13  0:18  SCV  
  14  0:25  Refinery  
  14  0:30  SCV  
  15  0:43  Barracks  
  15  0:48  SCV  
  16  1:00  SCV  
  17  1:12  SCV  
  18  1:33  SCV  
  18  1:37  Barracks Reactor  
  18  1:39  Command Center  
  19  1:50  Factory  
  19  1:53  SCV  
  20  2:05  SCV  
  21  2:12  Supply Depot  
  21  2:16  Marine  
  21  2:17  Marine  
  23  2:28  Refinery  
  23  2:33  SCV  
  24  2:45  SCV  
  24  2:47  Supply Depot  
  24  2:48  Barracks Reactor  
  25  2:53  Barracks  
  25  2:55  SCV  
  26  3:00  SCV  
  27  3:07  SCV  
  27  3:12  Hellion  
  30  3:18  Hellion  
  30  3:19  SCV  
  33  3:27  Marine x2  
  33  3:31  SCV  
  35  3:39  Hellion  
  33  4:09  Marine x3  
  36  4:24  Hellion x2  
  40  4:27  Marine x3  
  43  4:41  Supply Depot  
  43  4:44  Orbital Command  
  43  4:45  Hellion x2, Marine  
  48  5:17  Marine  
  48  5:18  Marine x2  
  41  5:35  Marine x2  
  41  5:36  Marine  
  31  5:53  Marine x3  
  33  6:07  Refinery  
  33  6:11  Marine  
  34  6:19  Barracks Tech Lab  
  34  6:23  Factory Tech Lab  
  34  6:29  SCV  
  35  6:36  SCV  
  36  6:41  SCV  
  36  6:48  SCV  
  38  7:00  SCV  
  35  7:09  Marine x3  
  35  7:12  SCV  
  36  7:24  SCV  
  36  7:26  Marine  
  36  7:27  Marine x2  
  36  7:29  Siege Tank  
  30  7:44  Marine x2  
  30  7:45  Marine  
  29  8:02  Marine x3  
  27  8:20  Marine x3  
  27  8:22  Factory Tech Lab  
  10  8:38  Marine x3  
  9  8:50  Siege Tank  
  12  8:56  SCV, Marine  
  12  8:57  SCV  
  15  9:08  SCV  
  16  9:21  SCV  
  17  9:26  Marine  
  17  9:29  Marine x2  
  16  9:32  Siege Tank  
  16  9:33  SCV  
  19  9:44  Marine  
  17  9:47  Marine x2  
  14  10:02  Marine  
  14  10:05  Marine x2  
  17  10:20  Marine  
  18  10:22  Marine  
  18  10:23  Marine  
  18  10:24  Factory Tech Lab  
  20  10:37  Marine  
  20  10:40  Marine x2  
  23  10:45  SCV  
  24  10:57  SCV, Marine  
  24  10:58  Marine x2  
  24  11:00  Siege Tank  
  24  11:03  SCV  
  32  11:09  SCV  
  33  11:15  SCV  
  34  11:19  Marine  
  34  11:20  Marine  
  34  11:21  SCV  
  34  11:23  Marine  
  38  11:27  SCV  
  39  11:33  SCV  
  39  11:39  SCV  
  34  11:45  SCV  
  18  11:51  SCV  
  19  12:01  Marine  
  19  12:02  Marine  
  19  12:19  Marine x2  
  11  12:37  Marine  
  7  13:23  SCV  
  8  13:35  SCV  
  8  13:36  Refinery  
  9  13:41  Refinery  
  9  13:47  SCV  
  10  14:04  SCV  
  11  14:16  SCV  
  12  14:28  SCV, Supply Depot  
  13  14:40  SCV  
  14  14:51  Barracks  
  14  14:52  SCV  
  15  15:04  SCV  
  16  15:16  SCV  
  17  15:31  SCV  
  18  15:38  Barracks Reactor  
  18  15:46  SCV  
  18  15:49  Barracks  
  19  16:15  Marine x2  
  21  16:27  SCV  
  21  16:33  Marine  
  21  16:34  Marine  
Show
View Real Time Build Order
Export as new Build Order

MadTrick Zerg 

Build Orders: Hatch First, Zergling Baneling 

Get SALT Encoding   

  12  0:01  Drone  
  13  0:16  Overlord  
  13  0:17  Drone  
  14  0:36  Drone x2  
  16  0:54  Hatchery  
  16  0:55  Drone  
  16  0:59  Drone  
  16  1:02  Drone  
  18  1:14  Extractor  
  17  1:18  Spawning Pool  
  17  1:21  Drone  
  17  1:24  Drone  
  18  1:32  Drone  
  19  1:42  Overlord  
  19  1:58  Drone  
  20  2:06  Queen  
  20  2:07  Queen  
  24  2:08  Drone  
  24  2:09  Drone  
  24  2:15  Overlord  
  26  2:17  Drone  
  27  2:23  Metabolic Boost  
  27  2:27  Drone  
  28  2:37  Baneling Nest  
  27  2:38  Drone x2  
  27  2:41  Drone  
  30  2:47  Drone  
  30  2:49  Drone  
  32  2:58  Zergling x2  
  33  3:00  Zergling x2  
  34  3:08  Overlord  
  34  3:11  Zergling x2  
  35  3:13  Zergling x2  
  35  3:14  Zergling x2  
  35  3:15  Drone x3, Zergling x2  
  41  3:23  Zergling x2  
  41  3:24  Zergling x2  
  43  3:33  Baneling  
  43  3:34  Baneling x3  
  43  3:38  Zergling x4  
  45  3:41  Zergling x2  
  45  3:44  Zergling x2  
  46  3:56  Zergling x10  
  48  4:07  Baneling  
  44  4:13  Zergling x8  
  43  4:26  Baneling x3  
  43  4:27  Zergling x2  
  43  4:28  Zergling x4  
  46  4:34  Zergling x2  
  46  4:35  Zergling x2  
  43  5:08  Zergling x2  
  43  5:09  Zergling x12  
  50  5:16  Baneling x3  
  50  5:17  Baneling x2  
  49  5:35  Zergling x8  
  51  5:38  Overlord x2  
  51  5:39  Overlord  
  49  5:45  Zergling x2  
  49  5:46  Zergling x2  
  50  5:54  Baneling x2  
  50  5:55  Baneling x3  
  48  6:06  Hatchery  
  48  6:09  Lair  
  47  6:12  Hatchery  
  47  6:15  Extractor, Roach Warren  
  47  6:16  Extractor  
  47  6:18  Extractor  
  38  6:28  Spore Crawler  
  38  6:30  Drone x2, Spore Crawler  
  38  6:31  Drone x4  
  42  6:37  Baneling x4  
  42  7:07  Zergling x2  
  42  7:08  Zergling x20  
  50  7:18  Zergling x2  
  51  7:29  Baneling  
  47  7:30  Roach x2  
  41  7:41  Spire  
  41  7:42  Zergling x8  
  22  8:03  Drone  
  22  8:04  Drone x2  
  22  8:19  Baneling x4  
  22  8:20  Baneling  
  19  8:52  Mutalisk  
  19  8:53  Mutalisk x3  
  27  9:06  Mutalisk x2  
  27  9:07  Mutalisk x5  
  27  9:08  Mutalisk x2  
  45  9:11  Mutalisk x2  
  49  9:25  Zerg Flyer Weapons Level 1  
  49  9:30  Mutalisk  
  51  9:49  Mutalisk  
  53  10:00  Mutalisk  
  55  10:08  Drone x3  
  54  10:36  Mutalisk x2  
  54  10:50  Mutalisk  
  56  11:16  Mutalisk  
  54  11:27  Mutalisk  
  54  11:30  Zergling x2  
  54  11:31  Zergling x10  
  58  11:40  Overlord x2  
  50  12:16  Mutalisk  
  50  12:17  Mutalisk  
  50  12:32  Mutalisk  
  44  13:12  Mutalisk x2  
  46  13:15  Overlord x2  
  48  13:23  Mutalisk  
  50  13:33  Mutalisk x4  
  50  13:34  Mutalisk x2  
  52  14:02  Mutalisk  
  41  14:46  Spawning Pool  
  20  15:27  Drone x2  
  20  15:28  Drone x5  
  27  15:43  Zergling x4  
  27  15:46  Drone  
  27  15:48  Extractor  
  29  15:54  Zergling x4  
  29  15:56  Queen  
  31  15:57  Queen  
  35  16:10  Zergling x2  
  35  16:11  Zergling x2  
  37  16:12  Zergling x2  
  37  16:15  Zergling x2  
  39  16:22  Zergling x2  
  39  16:23  Zergling x6  
  43  16:39  Zergling x2  
  44  16:44  Overlord x2  
  43  17:01  Queen  
  36  17:31  Zergling x2  
  36  17:32  Zergling x6  
  37  17:42  Zergling x2  
  36  17:52  Zergling x2  
Show
View Real Time Build Order
Export as new Build Order

nETbKo Protoss 

Build Orders: Oracle Opening 

Get SALT Encoding   

  12  0:01  Probe  
  13  0:13  Probe  
  14  0:22  Pylon  
  14  0:25  Probe  
  15  0:42  Gateway  
  15  0:45  Assimilator  
  15  0:47  Probe  
  16  0:59  Probe  
  16  1:03  Assimilator  
  17  1:11  Probe  
  18  1:23  Probe  
  19  1:31  Cybernetics Core  
  19  1:35  Probe  
  20  1:47  Probe  
  20  1:48  Pylon  
  21  1:59  Probe  
  22  2:17  Stargate  
  22  2:22  Stargate  
  22  2:49  Probe  
  23  2:52  Nexus  
  23  2:53  Pylon  
  23  2:58  Pylon  
  23  3:01  Pylon  
  23  3:05  Assimilator  
  23  3:13  Oracle  
  23  3:17  Oracle  
  29  4:06  Probe x2  
  31  4:18  Probe x2  
  33  4:40  Probe x2  
  35  4:50  Assimilator  
  35  4:52  Probe x2  
  37  4:59  Fleet Beacon  
  35  5:04  Probe  
  28  5:08  Phoenix  
  24  6:02  Tempest x2  
  34  6:06  Probe x2  
  36  6:18  Probe x2, Forge  
  38  6:30  Probe x2  
  40  6:42  Probe  
  40  6:45  Tempest  
  38  8:13  Probe  
  38  8:25  Probe  
  39  8:37  Probe  
  40  8:47  Tempest x2  
  40  8:49  Probe  
  41  8:59  Probe  
  41  9:02  Probe  
  43  9:03  Pylon  
  42  9:11  Probe  
  43  9:23  Probe  
  44  9:35  Probe  
  42  10:13  Stargate  
  42  10:14  Stargate  
  42  10:16  Stargate  
  42  10:26  Tempest x2  
  32  11:00  Probe  
  33  11:07  Tempest  
  33  11:08  Tempest  
  33  11:09  Tempest x2  
  33  11:10  Probe  
  54  11:12  Probe  
  55  11:23  Probe  
  55  11:24  Probe  
  52  11:35  Probe  
  33  12:07  Tempest x2  
  41  12:11  Probe  
  42  12:30  Tempest  
  47  12:37  Pylon  
  47  12:39  Pylon  
  47  13:07  Tempest  
  52  13:42  Nexus  
  52  13:45  Pylon  
  52  13:47  Pylon  
  52  13:49  Pylon  
  52  13:54  Assimilator  
  52  13:58  Assimilator  
  18  14:45  Void Ray  
  9  15:04  Gateway  
  4  15:22  Probe  
  5  15:52  Void Ray  
  9  15:57  Probe (Chrono Boost)  
  10  16:04  Cybernetics Core  
  10  16:08  Probe (Chrono Boost)  
  10  16:10  Probe (Chrono Boost)  
  12  16:17  Probe (Chrono Boost)  
  13  16:23  Probe (Chrono Boost)  
  12  16:35  Probe (Chrono Boost), Void Ray  
  14  16:48  Probe (Chrono Boost)  
  14  16:53  Probe (Chrono Boost)  
  15  17:02  Probe  
  16  17:14  Probe  
  9  17:42  Probe  
  10  17:54  Probe  
  7  18:06  Probe (Chrono Boost)  
  8  18:17  Probe (Chrono Boost)  
  9  18:22  Probe (Chrono Boost)  
Show
View Real Time Build Order
Export as new Build Order

Massa Terran - Winner!

Build Orders:  

Get SALT Encoding   

  12  0:14  Supply Depot  
  12  0:15  SCV  
  13  0:27  SCV  
  14  0:37  Barracks  
  14  0:40  SCV  
  15  0:52  SCV  
  17  1:04  SCV  
  17  1:05  Supply Depot  
  17  1:12  Barracks  
  17  1:16  SCV  
  18  1:28  Supply Depot  
  18  1:30  Barracks  
  19  1:32  SCV  
  19  1:39  Marine  
  20  1:47  Orbital Command  
  20  2:03  Barracks  
  20  2:08  Refinery  
  20  2:09  Marine x2  
  22  2:17  SCV  
  23  2:27  Marine x3  
  26  2:45  Marine x3  
  29  2:58  Marine  
  30  3:02  Marine  
  30  3:03  Marine x2  
  30  3:05  Supply Depot  
  33  3:08  Supply Depot  
  33  3:15  Marine  
  34  3:20  Marine  
  34  3:21  Marine x2  
  37  3:33  Marine  
  38  3:37  Factory  
  38  3:38  Marine x2  
  38  3:39  Marine  
  41  3:51  Marine  
  42  3:56  Marine x2  
  42  3:57  Marine  
  45  4:09  Marine  
  46  4:14  Marine x3  
  36  4:27  Marine  
  33  4:32  Marine x3  
  36  4:44  Marine  
  37  4:49  Marine  
  37  4:50  Engineering Bay, Marine x2  
  36  5:02  Factory Tech Lab, Marine  
  37  5:07  Marine  
  37  5:08  Marine x2  
  36  5:17  Command Center  
  36  5:20  Marine  
  33  5:25  Marine x2  
  33  5:26  Marine  
  36  5:31  Siege Tank  
  36  5:38  Marine  
  37  5:43  Marine  
  38  5:54  Marine x2  
  38  5:56  Marine  
  41  6:01  Marine  
  41  6:03  Siege Tank  
  45  6:11  Missile Turret  
  45  6:12  Marine x2  
  45  6:13  Marine  
  48  6:18  Marine  
  49  6:30  Marine x2  
  49  6:31  Marine  
  49  6:32  Missile Turret  
  52  6:36  Marine  
  53  6:44  SCV  
  54  6:48  Marine  
  55  7:11  Marine  
  55  7:22  Marine  
  55  7:34  SCV  
  51  7:55  Marine x4  
  50  8:13  Marine x4  
  54  8:30  Marine  
  54  8:31  Marine x3  
  54  8:45  Terran Infantry Weapons Level 1  
  51  8:48  Marine x2  
  51  8:50  SCV  
  51  8:52  Orbital Command  
  51  8:59  Engineering Bay  
  51  9:02  SCV  
  52  9:06  Armory  
  52  9:09  Refinery  
  52  9:11  Marine x4  
  52  9:14  SCV  
  52  9:16  Siege Tank  
  60  9:26  SCV  
  60  9:29  Marine x4  
  65  9:38  SCV  
  63  9:46  Marine  
  63  9:47  Marine x3  
  63  9:53  Armory  
  63  9:55  Thor  
  63  10:04  Marine  
  64  10:08  Terran Infantry Armor Level 1  
  57  10:37  Marine x4  
  57  10:42  Missile Turret  
  61  10:48  Starport, Terran Vehicle Weapons Level 1  
  61  10:49  Terran Vehicle And Ship Armor Level 1  
  61  10:52  Missile Turret  
  61  10:54  Marine  
  61  10:55  Marine x3  
  65  11:07  Cyclone  
  68  11:12  Marine x2  
  70  11:21  Supply Depot  
  70  11:42  Marine x4, Viking  
  70  11:45  Supply Depot  
  76  11:49  SCV x2  
  78  11:54  Refinery  
  78  12:06  SCV x2, Marine x4  
  84  12:09  Terran Infantry Weapons Level 2  
  84  12:12  Viking  
  86  13:39  Terran Infantry Armor Level 2  
  86  13:42  Barracks Tech Lab  
  86  13:43  Barracks Reactor x3  
  86  13:55  SCV  
  86  14:03  SCV  
  86  14:08  SCV  
  82  14:15  SCV  
  48  14:58  Marauder  
  48  14:59  Marine x4  
  45  15:00  Marine x2  
  45  15:05  Thor  
  48  15:08  Terran Vehicle Weapons Level 2  
  48  15:11  Terran Vehicle And Ship Armor Level 2  
  48  15:17  Marine x5  
  48  15:18  Marine  
  48  15:20  Marauder  
  56  15:34  Marine  
  56  15:35  Marine x5  
  59  15:41  Marauder  
  64  15:43  Combat Shield  
  64  15:44  Missile Turret  
  64  15:45  Command Center  
  64  15:47  Missile Turret  
  64  15:48  Thor  
  70  15:52  Marine x2  
  70  15:53  Marine x4  
  70  15:55  Command Center  
  70  15:56  Missile Turret  
  76  15:58  Missile Turret  
  76  16:03  Marauder  
  78  16:24  Marauder  
  80  17:17  Medivac  
  82  17:24  SCV  
  82  17:28  SCV x2  
  85  17:36  SCV  
  86  17:40  SCV x2  
  88  17:48  SCV  
  89  17:52  SCV x2  
  91  18:00  SCV  
  91  18:04  SCV x2  
  94  18:12  SCV  
  95  18:16  SCV x2  
Show
View Real Time Build Order
Export as new Build Order

qqq Zerg - Winner!

Build Orders: Hatch First 

Get SALT Encoding   

  12  0:01  Drone  
  13  0:11  Drone  
  14  0:39  Hatchery  
  13  0:51  Spawning Pool  
  12  0:58  Drone  
  12  0:59  Extractor  
  12  1:05  Overlord  
  12  1:11  Drone  
  13  1:21  Drone  
  14  1:29  Drone  
  15  1:39  Queen  
  17  1:42  Zergling x2  
  18  1:48  Zergling x2  
  18  1:53  Drone  
  20  1:55  Zergling x2  
  21  2:03  Zergling x4  
  23  2:10  Metabolic Boost  
  23  2:14  Zergling x2  
  24  2:23  Overlord  
  24  2:26  Zergling x2  
  25  2:33  Zergling x2  
  26  2:38  Overlord  
  26  2:40  Zergling x2  
  27  2:49  Zergling x4  
  29  2:54  Zergling x4  
  29  2:56  Drone  
  32  3:01  Zergling x2  
  33  3:09  Zergling x4  
  35  3:24  Zergling x4, Overlord  
  37  3:32  Zergling x6  
  40  3:38  Zergling x4  
  30  4:05  Zergling x4  
  30  4:06  Zergling x6  
  34  4:10  Roach Warren  
  34  4:11  Drone  
  26  4:25  Zergling x2  
  26  4:26  Zergling x6  
  28  4:34  Drone  
  29  4:39  Spore Crawler  
  29  4:41  Spore Crawler  
  27  4:46  Drone  
  27  4:50  Roach x2  
  24  5:08  Roach x3  
  29  5:18  Roach  
  28  5:48  Roach x2  
  32  5:50  Roach  
  32  5:51  Roach x3  
  32  5:56  Drone  
  32  5:57  Drone  
  42  6:09  Roach  
  44  6:25  Roach x2  
  48  6:26  Drone x3  
  51  6:35  Ravager  
  52  6:41  Overlord  
  50  7:20  Roach x3  
  50  7:21  Roach x2  
  60  7:23  Overlord x3  
  57  7:49  Roach x3  
  57  7:50  Drone x2  
  65  7:55  Extractor  
  58  8:18  Lair  
  58  8:19  Roach  
  58  8:22  Drone x2  
  58  8:23  Overlord x2  
  58  8:25  Drone  
  51  8:41  Roach x2  
  51  8:42  Roach  
  51  8:43  Drone  
  58  8:53  Extractor  
  58  8:55  Queen  
  57  9:01  Drone x2  
  61  9:07  Hatchery  
  60  9:16  Ravager  
  47  9:47  Roach x3  
  47  9:48  Roach x4  
  47  9:49  Drone x3  
  62  9:53  Spore Crawler  
  62  9:58  Drone, Spore Crawler  
  53  10:00  Drone  
  53  10:06  Roach  
  49  10:21  Drone x2  
  49  10:22  Drone  
  45  10:48  Drone x6  
  42  10:50  Roach x3  
  42  10:51  Roach  
  42  10:54  Hatchery  
  42  10:55  Ravager  
  42  10:56  Ravager  
  51  11:00  Ravager  
  51  11:01  Ravager  
  54  11:04  Ravager  
  54  11:15  Spore Crawler  
  54  11:18  Drone x2  
  55  11:35  Roach x3  
  63  12:01  Roach x2  
  63  12:08  Drone x3  
  62  12:45  Drone, Roach x3  
  62  12:46  Drone x6  
  62  12:47  Drone x2  
  74  13:00  Ravager  
  74  13:03  Ravager  
  74  13:04  Ravager x4  
  80  13:07  Roach x2  
  84  13:14  Drone x2  
  84  13:15  Drone x4  
  90  13:20  Extractor  
  83  14:15  Roach x4  
  83  14:16  Roach x2  
  79  14:41  Roach x2  
  79  14:42  Drone x5  
  79  14:43  Drone x3  
  91  14:47  Spore Crawler  
  91  14:48  Spore Crawler  
  91  14:49  Spore Crawler  
  91  14:51  Spore Crawler  
  87  14:53  Drone  
  87  14:54  Drone x3  
  91  15:03  Spire  
  91  15:04  Queen  
  87  15:17  Roach x3  
  87  15:18  Drone x4, Hatchery  
  87  15:19  Drone x2  
  93  15:21  Hatchery x2  
  93  15:24  Hatchery  
  93  15:28  Zergling x6  
  84  15:29  Zergling x6  
  84  15:32  Hatchery, Ravager x4  
  84  15:34  Ravager x2  
  84  15:35  Ravager  
  92  15:38  Ravager x3  
  89  15:46  Zergling x6  
  89  15:47  Zergling x6  
  95  15:53  Infestation Pit  
  94  15:57  Zergling x2  
  94  15:58  Zergling x4  
  94  15:59  Evolution Chamber  
  94  16:01  Evolution Chamber  
  95  16:20  Roach x2  
  95  16:21  Zergling x2  
  95  16:22  Drone x3, Zergling x4  
  95  16:23  Zergling x4  
  107  16:40  Roach  
  107  16:43  Ravager  
  107  16:44  Ravager x2  
  107  16:45  Drone x4  
  107  16:46  Zergling x4  
  104  17:17  Zergling x6, Corruptor  
  104  17:18  Corruptor x5  
  104  17:19  Corruptor x2  
  84  17:39  Corruptor x2  
  84  17:41  Zergling x2  
  84  17:42  Zergling x6  
  84  17:43  Zergling x4  
  93  17:47  Zergling x6  
  93  17:48  Zergling x16  
  93  17:49  Zergling x2  
  100  17:57  Extractor  
  99  17:59  Extractor  
  99  18:02  Extractor  
  94  18:18  Zergling x12  
Show
View Real Time Build Order
Export as new Build Order

sexyAPM Protoss - Winner!

Build Orders: 1 Gate Expand, Oracle Opening 

Get SALT Encoding   

  12  0:00  Probe  
  13  0:13  Probe  
  14  0:25  Probe  
  15  0:30  Pylon  
  15  0:48  Probe (Chrono Boost)  
  16  0:55  Gateway  
  16  0:59  Assimilator  
  16  1:00  Probe (Chrono Boost)  
  17  1:09  Probe (Chrono Boost)  
  18  1:15  Probe  
  19  1:31  Probe  
  20  1:38  Nexus  
  20  1:43  Probe  
  20  1:46  Cybernetics Core  
  21  1:56  Pylon  
  21  2:04  Pylon  
  21  2:13  Probe (Chrono Boost), Assimilator  
  22  2:24  Warp Gate  
  22  2:25  Probe (Chrono Boost)  
  23  2:30  Probe (Chrono Boost)  
  23  2:32  Gateway  
  24  2:39  Probe (Chrono Boost)  
  25  2:53  Gateway  
  25  3:01  Twilight Council  
  25  3:09  Stargate  
  25  3:14  Probe (Chrono Boost)  
  26  3:24  Probe (Chrono Boost)  
  27  3:38  Charge  
  27  3:45  Probe  
  27  3:47  Probe  
  29  3:50  Oracle (Chrono Boost)  
  32  3:57  Probe  
  32  3:59  Probe  
  34  4:09  Probe  
  35  4:12  Zealot  
  35  4:13  Zealot x2  
  41  4:21  Probe  
  45  4:31  Oracle  
  45  4:33  Probe  
  46  4:42  Zealot x3  
  52  4:54  Forge  
  52  5:04  Zealot  
  54  5:21  Pylon  
  54  5:22  Pylon  
  54  5:24  Pylon  
  54  5:34  Pylon  
  38  5:47  Stalker x3  
  38  6:26  Zealot x3  
  44  6:48  Void Ray  
  44  6:50  Zealot x3  
  39  7:31  Void Ray  
  34  7:46  Probe  
  34  7:48  Probe  
  29  7:58  Probe  
  29  8:00  Probe  
  30  8:10  Probe  
  31  8:13  Probe  
  32  8:22  Probe (Chrono Boost)  
  32  8:26  Probe (Chrono Boost)  
  35  8:34  Probe (Chrono Boost)  
  35  8:37  Probe (Chrono Boost)  
  37  8:41  Probe (Chrono Boost)  
  37  8:43  Probe (Chrono Boost)  
  38  8:49  Probe (Chrono Boost)  
  38  8:53  Probe (Chrono Boost)  
  40  8:56  Zealot x2  
  40  8:57  Zealot  
  40  8:59  Probe (Chrono Boost)  
  40  9:00  Probe (Chrono Boost)  
  48  9:04  Probe (Chrono Boost)  
  48  9:05  Probe (Chrono Boost)  
  50  9:15  Probe  
  51  9:18  Probe  
  51  9:22  Zealot  
  51  9:23  Void Ray (Chrono Boost), Zealot x2  
  62  9:44  Zealot x2  
  66  9:56  Void Ray (Chrono Boost), Nexus  
  70  10:08  Assimilator x2  
  70  10:13  Assimilator  
  70  10:18  Zealot x2  
  70  10:19  Zealot  
  76  10:32  Void Ray  
  76  10:56  Stalker x3  
  34  12:20  Probe  
  29  12:26  Probe  
  29  12:28  Probe  
  27  12:32  Probe  
  28  12:38  Probe  
  28  12:40  Probe  
  30  12:45  Probe (Chrono Boost)  
  30  12:50  Probe (Chrono Boost)  
  30  12:57  Probe (Chrono Boost)  
  32  13:01  Probe (Chrono Boost)  
  32  13:02  Probe (Chrono Boost)  
  34  13:06  Probe x2 (Chrono Boost)  
  34  13:08  Probe (Chrono Boost)  
  39  13:20  Probe (Chrono Boost)  
  39  13:22  Probe x2 (Chrono Boost)  
  39  13:26  Probe (Chrono Boost)  
  39  13:29  Probe (Chrono Boost)  
  39  13:31  Oracle  
  44  13:37  Probe (Chrono Boost)  
  44  13:40  Probe (Chrono Boost)  
  47  13:46  Probe (Chrono Boost)  
  47  13:48  Probe (Chrono Boost)  
  49  13:50  Probe (Chrono Boost)  
  49  13:54  Probe (Chrono Boost)  
  51  13:56  Probe x2 (Chrono Boost)  
  51  13:59  Assimilator  
  51  14:01  Probe  
  53  14:04  Probe  
  53  14:05  Pylon  
  54  14:16  Probe (Chrono Boost)  
  54  14:17  Probe (Chrono Boost)  
  56  14:27  Probe (Chrono Boost)  
  56  14:29  Probe (Chrono Boost)  
  58  14:32  Probe (Chrono Boost)  
  58  14:33  Probe (Chrono Boost)  
  58  14:37  Probe  
  61  14:43  Probe  
  62  14:52  Photon Cannon  
  62  14:53  Pylon  
  62  14:55  Probe  
  62  14:57  Photon Cannon  
  63  15:20  Photon Cannon  
  63  15:28  Pylon  
  63  15:38  Fleet Beacon  
  63  15:42  Stargate x2  
  63  15:45  Stargate  
  63  15:48  Probe  
  64  15:54  Photon Cannon  
  64  16:00  Probe  
  65  16:12  Probe  
  66  16:23  Void Ray (Chrono Boost)  
  66  16:24  Probe  
  83  16:53  Void Ray (Chrono Boost)  
  83  16:54  Void Ray x2 (Chrono Boost)  
  87  17:05  Void Ray (Chrono Boost)  
  87  17:11  Flux Vanes  
  87  17:20  Void Ray x3 (Chrono Boost)  
  103  17:44  Void Ray (Chrono Boost)  
  103  17:52  Void Ray x3  
Tags
 
Add a new tag
Caveats
  • Supply blocks, unpowered buildings, or Contaminate may cause inaccurate times.
  • Supply counts are checked every 10 seconds.